 Seeded DCSS version 0.25.1-2-g60ff931df9 (webtiles) character file.

Game seed: 84405591861 (custom seed)

142663 jfcaron the Severer (level 17, -4/153 HPs)
             Began as a Naga Venom Mage on Nov 8, 2020.
             Was the Champion of the Shining One.
             Slain by a demonic crawler (5 damage)
             ... on level 3 of the Spider Nest on Nov 10, 2020.
             The game lasted 02:10:05 (34558 turns).

jfcaron the Severer (Naga Venom Mage)              Turns: 34558, Time: 02:10:06

Health: -4/153     AC:  3    Str: 22    XL:     17   Next: 35%
Magic:  31/33      EV:  8    Int: 18    God:    the Shining One [******]
Gold:   1964       SH: 20    Dex: 18    Spells: 5/20 levels left

rFire    . . .     SeeInvis +   a - +3 broad axe (flame)
rCold    + . .     Gourm    .   V - +0 tower shield
rNeg     + + +     Faith    .   B - +2 robe {MR+}
rPois    +         Spirit   .   u - +0 helmet
rElec    .         Reflect  .   r - scarf {repulsion}
rCorr    .         Harm     .   Q - +0 pair of gloves
MR       +++..                  A - +4 naga barding
Stlth    +.........             v - amulet "Arhamu" {*Drain Regen+ Str+7}
HPRegen  0.75/turn              l - ring "Leargh" {rC+ MP+9}
MPRegen  0.23/turn              L - +6 ring of dexterity

@: marked, corroded, very slightly contaminated, glowing, repel missiles, very
slow
A: large, see invisible, deformed body, poison resistance, slowness 2, slow
metabolism 1, spit poison 1, constrict 1, AC +5
a: Spit Poison, Divine Shield, Cleansing Flame, Summon Divine Warrior, Brand
Weapon With Holy Wrath, Renounce Religion


You were on level 3 of the Spider Nest.
You worshipped the Shining One.
The Shining One was exalted by your worship.
You were not hungry.

You visited 5 branches of the dungeon, and saw 27 of its levels.
You also visited: Gauntlet.

You collected 2755 gold pieces.
You spent 791 gold pieces at shops.

Inventory:

Hand Weapons
 a - a +3 broad axe of flaming (weapon)
 b - the +7 hunting sling "Anoira" {flame, rPois rF+ Stlth+}
   (You found it on level 4 of the Dungeon)

   It causes projectiles fired from it to burn those they strike, causing extra
   injury to most foes and up to half again as much damage against particularly
   susceptible opponents.
   It protects you from fire.
   It protects you from poison.
   It makes you more stealthy.
Missiles
 i - 429 stones (quivered)
 o - 79 sling bullets
 D - 16 silver javelins {!f}
 J - 11 curare-tipped darts {!f}
 O - 2 throwing nets {!f}
Armour
 r - a scarf of repulsion (worn)
 u - a +0 helmet (worn)
 A - a +4 naga barding (worn)
 B - a +2 robe of magic resistance (worn)
 E - a +2 cloak
 M - a +0 chain mail of fire resistance
 Q - a +0 pair of gloves (worn)
 V - a +0 tower shield (worn)
Magical Staves
 G - a cursed staff of fire {unknown}
Jewellery
 l - the ring "Leargh" (left hand) {rC+ MP+9}
   (You found it in a Gauntlet)

   [ring of protection from cold]

   It protects you from cold.
   It affects your magic capacity (+9).
 v - the amulet "Arhamu" (around neck) {*Drain Regen+ Str+7}
   (You found it on level 4 of the Lair of Beasts)

   [amulet of regeneration]

   It affects your strength (+7).
   It increases your rate of regeneration.
   It causes draining when unequipped.
 z - an uncursed ring of protection from magic
 L - a +6 ring of dexterity (right hand)
Wands
 H - a wand of iceblast (5)
 I - a wand of flame (29)
 K - a wand of paralysis (19)
 T - a wand of digging (7)
 W - a wand of acid (5)
Scrolls
 d - 8 scrolls of magic mapping
 f - 4 scrolls of fog
 k - 3 scrolls of silence
 m - 3 scrolls of immolation
 p - 4 scrolls of fear
 q - 5 scrolls of teleportation
 s - a scroll of identify
 w - 3 scrolls of blinking
 x - 2 scrolls of vulnerability
 y - 6 scrolls of remove curse
Potions
 e - 7 potions of lignification
 g - a potion of berserk rage
 h - 2 potions of resistance
 j - 5 potions of haste
 n - 3 potions of magic
 t - 5 potions of flight
 C - 2 potions of brilliance
 F - 6 potions of curing
 S - 3 potions of might
 U - a potion of heal wounds
Miscellaneous
 N - a phial of floods
Comestibles
 c - 55 rations


   Skills:
 - Level 10.0 Fighting
 - Level 16.0 Axes
 - Level 12.0 Slings
 - Level 2.0 Armour
 - Level 2.0 Dodging
 - Level 3.0 Stealth
 + Level 14.3 Shields
 - Level 2.0 Spellcasting
 - Level 4.0 Translocations
 - Level 1.0 Transmutations
 - Level 6.6 Poison Magic
 - Level 10.0 Invocations


You had 5 spell levels left.
You knew the following spells:

 Your Spells              Type           Power        Failure   Level  Hunger
a - Sting                 Tmut/Pois      ###.         4%          1    #......
b - Poisonous Vapours     Pois/Air       ##....       9%          2    ###....
c - Olgreb's Toxic Radia  Pois           ####....     14%         4    #####..
d - Mephitic Cloud        Conj/Pois/Air  #.......     26%         3    ###....
e - Ignite Poison         Fire/Tmut/Pois ##......     22%         3    ###....
f - Blink                 Tloc           N/A          6%          2    ###....

Your spell library contained the following spells:

 Spells                   Type           Power        Failure   Level  Hunger
 Gell's Gravitas          Tloc           ###.......   12%         3    ###....
 Lesser Beckoning         Tloc           ###.......   12%         3    ###....
 Teleport Other           Tloc           ###.....     12%         3    ###....
 Shroud of Golubria       Chrm/Tloc      #.....       14%         2    ###....
 Foxfire                  Conj/Fire      #...         21%         1    #......
 Infusion                 Chrm           #...         21%         1    #......
 Magic Dart               Conj           #...         21%         1    #......
 Call Imp                 Summ           #.......     30%         2    ###....
 Corpse Rot               Necr/Air       N/A          30%         2    ###....
 Slow                     Hex            #.......     30%         2    ###....
 Song of Slaying          Chrm           #.......     30%         2    ###....
 Sublimation of Blood     Necr           #.........   30%         2    ###....
 Passage of Golubria      Tloc           N/A          36%         4    #####..
 Conjure Flame            Conj/Fire      #.......     52%         3    ###....
 Inner Flame              Hex/Fire       #.......     52%         3    ###....
 Ozocubu's Armour         Chrm/Ice       #.......     52%         3    ###....
 Spectral Weapon          Hex/Chrm       #.......     52%         3    ###....
 Static Discharge         Conj/Air       #.......     52%         3    ###....
 Dispel Undead            Necr           #.......     90%         4    #####..
 Sticky Flame             Conj/Fire      #.......     90%         4    #####..
 Agony                    Necr           #.......     99%         5    ######.
 Excruciating Wounds      Chrm/Necr      #.........   99%         5    ######.
 Fireball                 Conj/Fire      #.........   99%         5    ######.
 Lightning Bolt           Conj/Air       #.........   99%         5    ######.
 Ignition                 Fire           #.........   100%        8    #######
 Shatter                  Erth           #.........   100%        9    #######
 Tornado                  Air            #.........   100%        9    #######


Dungeon Overview and Level Annotations

Branches:
Dungeon (15/15)            Temple (1/1) D:7            Lair (6/6) D:10
  Swamp (0/4) Lair:2       Spider (3/4) Lair:4        Slime (0/5) Lair:6
    Orc (2/2) D:9             Elf (0/3) Orc:2        Vaults (0/5) D:13
 Depths (0/5) D:15        Gauntlet (visited)

Altars:
Ashenzari
Elyvilon
Fedhas
Gozag
Makhleb
Nemelex Xobeh
Qazlal
Trog
Wu Jian
The Shining One
Jiyva

Shops:
D:5 =   D:7 *   D:14 (   Orc:1 =   Orc:2 [%%(

Portals:
Trove: D:10 (give +4 storm dragon scales)

Annotations:
D:9 1 runed translucent door, ThatOtherGuy53's ghost, novice DEIE
Lair:3 3 runed translucent doors, Huasawuy's ghost, journeyman TrWz
Lair:6 1 runed translucent door
Spider:3 1 exclusion


Innate Abilities, Weirdness & Mutations

You cannot wear boots.
Your serpentine skin is tough. (AC +5)
You have supernaturally acute eyesight. (SInv)
Armour fits poorly on your strangely shaped body.
Your system is resistant to poisons. (rPois)
You cover ground very slowly.
You have a slow metabolism.
You can spit poison.
You can use your snake-like lower body to constrict enemies.


Message History

The entropy weaver closely misses you. The entropy weaver barely misses you.
The tarantella bites you!
* * * LOW HITPOINT WARNING * * *
Unknown command.
Blink to where?
Press: ? - help, Dir - move target cursor You are very lightly contaminated with residual magic.
As you read the scroll of blinking, it crumbles to dust.
The entropy weaver mumbles some strange words.
The entropic weave corrodes you!
The orb spider looks more healthy.
The demonic crawler hits you.
* * * LOW HITPOINT WARNING * * *
The demonic crawler hits you but does no damage.
The demonic crawler hits you.
* * * LOW HITPOINT WARNING * * *
You block the demonic crawler's attack. x2; The demonic crawler hits you!
The Shining One protects you from harm!
The entropy weaver mumbles some strange words.
The entropic weave corrodes you! The demonic crawler hits you.
You die...

.. ##.##.# #
#^.##.# #. ##.....#
#^#####......#
#..#........## #
##..........## .#
#............# ...
##..^....s@.# ....
###......ss## .....
###....(a§###......
####.(a.#.......^
#..ss.##......
#(#((## .....
.....(# ....
......... ...
..../.(.^^ ##


You could see 2 entropy weavers, 2 demonic crawlers, an orb spider (charged), a
jumping spider and a tarantella.

Vanquished Creatures
  Gastronok (D:8)
  A fire giant (D:15)
  2 emperor scorpions
  A stone giant (Orc:1)
  Nessos (D:15)
  3 entropy weavers
  A minotaur (Gauntlet)
  Snorg (D:14)
  A fire dragon (D:15)
  10 hydras
  8 vault guards (D:13)
  A catoblepas (Lair:6)
  5 centaur warriors
  19 two-headed ogres
  4 ogre magi (Orc:2)
  A tengu warrior (D:15)
  A deep troll shaman (Lair:6)
  8 death yaks
  2 unseen horrors
  A lindwurm (Lair:6)
  An orc knight (Orc:2)
  A wolf spider zombie (D:14)
  9 orb spiders
  14 ugly things
  A deep elf mage (D:15)
  6 manticores
  A cyclops (D:14)
  8 wolf spiders
  2 moths of wrath
  4 elephants (Lair:6)
  Maurice (Orc:1)
  4 torpor snails
  5 black mambas
  Psyche (D:8)
  12 spiny frogs
  Maggie (D:8)
  3 demonic crawlers
  3 rime drakes
  10 komodo dragons
  A freezing wraith (D:15)
  A queen bee (Spider:1)
  A tengu conjurer (D:15)
  6 meliai
  18 jumping spiders
  5 trolls
  5 polar bears
  4 hornets
  A tyrant leech (Gauntlet)
  16 blink frogs
  5 slime creatures (D:12)
  10 hippogriffs
  63 redbacks
  4 centaur simulacra (Gauntlet)
  2 shadows (D:15)
  4 wyverns
  20 tarantellas
  82 yaks
  3 basilisks
  3 hungry ghosts
  Grum (D:9)
  A harpy simulacrum (Gauntlet)
  8 wargs
  Edmund (D:5)
  2 insubstantial wisps (Lair:2)
  3 swamp worms (Gauntlet)
  2 acid dragons
  16 porcupines
  9 water moccasins
  A swamp drake (D:4)
  6 ice beasts
  17 orc warriors
  4 black bears
  31 ogres
  A necrophage (D:13)
  3 phantoms
  10 wolves
  13 centaurs
  3 big kobolds
  20 crocodiles
  19 bullfrogs
  A wyvern zombie (D:7)
  4 jellies
  5 scorpions
  A water moccasin skeleton (D:8)
  22 killer bees (Spider:1)
  2 electric eels (Orc:1)
  3 howler monkeys
  12 wights
  5 crimson imps
  2 centaur zombies
  2 quasits
  3 bullfrog skeletons
  A bullfrog zombie (D:5)
  An iron imp (D:5)
  13 orc priests
  7 hounds
  6 centaur skeletons
  Crazy Yiuf (D:5)
  25 orc wizards
  9 iguanas
  16 worker ants
  A hound skeleton (D:5)
  3 worker ant zombies
  13 adders
  3 gnolls (D:10)
  4 shadow imps
  4 oozes
  2 adder skeletons
  2 worms (D:3)
  2 dart slugs (D:1)
  14 leopard geckos
  66 orcs
  5 bats
  2 giant cockroaches
  8 goblins
  8 hobgoblins
  11 jackals
  4 quokkas
  A ball python (D:1)
  10 frilled lizards
  16 kobolds
  A leopard gecko zombie (D:5)
  8 rats
  A bush (Lair:6)
  26 fungi
  20 plants
  13 withered plants (Gauntlet)
973 creatures vanquished.

Notes
Turn   | Place    | Note
-------+----------+-------------------------------------------
     0 | D:1      | jfcaron the Naga Venom Mage began the quest for the Orb.
     0 | D:1      | Reached XP level 1. HP: 15/15 MP: 3/3
   110 | D:1      | Reached XP level 2. HP: 22/22 MP: 3/5
   299 | D:1      | Reached skill level 5 in Poison Magic
   409 | D:1      | Learned a level 2 spell: Poisonous Vapours
   580 | D:1      | Reached XP level 3. HP: 28/28 MP: 1/6
  1229 | D:2      | Found a glowing golden altar of the Shining One.
  1273 | D:2      | Reached XP level 4. HP: 34/36 MP: 0/7
  1546 | D:2      | You fall into a shaft and drop 1 floor!
  1914 | D:2      | Became a worshipper of the Shining One
  2053 | D:3      | Learned a level 4 spell: Olgreb's Toxic Radiance
  2217 | D:3      | Reached skill level 1 in Axes
  2389 | D:3      | Found an ornate altar of the Wu Jian Council.
  2741 | D:3      | Reached skill level 2 in Axes
  2801 | D:3      | Reached XP level 5. HP: 30/42 MP: 8/8
  3285 | D:4      | Got a crystal hunting sling
  3291 | D:4      | Identified the +7 hunting sling "Anoira" {flame, rPois rF+
                  | Stlth+} (You found it on level 4 of the Dungeon)
  3461 | D:4      | Found an opulent altar of Gozag.
  3471 | D:4      | Noticed an ogre
  3473 | D:4      | Noticed a swamp drake
  3473 | D:4      | an ogre changed into a swamp drake
  3486 | D:4      | Killed a swamp drake
  3486 | D:4      | Reached skill level 1 in Fighting
  3486 | D:4      | Reached skill level 3 in Axes
  3486 | D:4      | Reached skill level 1 in Slings
  3486 | D:4      | Reached XP level 6. HP: 49/51 MP: 9/9
  3506 | D:4      | Noticed a blink frog
  3506 | D:4      | an ogre changed into a blink frog
  3521 | D:4      | Killed a blink frog
  3521 | D:4      | Reached skill level 4 in Axes
  3521 | D:4      | Reached XP level 7. HP: 20/58 MP: 10/10
  3948 | D:4      | Found a shattered altar of Ashenzari.
  3964 | D:4      | Found a stormy altar of Qazlal.
  3964 | D:4      | Noticed a fire elemental
  3965 | D:4      | Noticed an air elemental
  3965 | D:4      | Noticed a water elemental
  4166 | D:4      | Reached * piety under the Shining One
  4388 | D:4      | Learned a level 3 spell: Mephitic Cloud
  4432 | D:5      | Entered Level 5 of the Dungeon
  4432 | D:5      | Noticed Grinder
  4433 | D:5      | Noticed Grinder
  4433 | D:5      | Grinder changed into Grinder the iron imp
  4438 | D:5      | Killed Grinder the iron imp
  4577 | D:5      | Reached skill level 1 in Armour
  4606 | D:5      | Reached skill level 5 in Axes
  4616 | D:5      | Reached XP level 8. HP: 67/68 MP: 11/11
  4637 | D:5      | Noticed Edmund
  4656 | D:5      | Killed Edmund
  5067 | D:5      | Found Gocwaar's Jewellery Emporium.
  5264 | D:5      | Found a runed translucent door.
  5265 | D:5      | Noticed Crazy Yiuf
  5273 | D:5      | Killed Crazy Yiuf
  5396 | D:5      | Noticed Ijyb
  5397 | D:5      | Noticed Ijyb
  5397 | D:5      | Ijyb changed into Ijyb the wolf
  5404 | D:5      | Killed Ijyb the wolf
  5404 | D:5      | Reached skill level 6 in Axes
  6596 | D:7      | Reached skill level 5 in Slings
  6596 | D:7      | HP: 3/70 [orc warrior/+0 war axe (13)]
  6875 | D:7      | Reached XP level 9. HP: 78/78 MP: 12/12
  6907 | D:7      | Found a burning altar of Makhleb.
  6949 | D:7      | Found a staircase to the Ecumenical Temple.
  6959 | D:7      | Got a fabulously ornate robe
  6970 | D:7      | Reached ** piety under the Shining One
  6980 | Temple   | Entered the Ecumenical Temple
  6991 | Temple   | Identified the +2 robe "Uweubell" {*Slow rPois rN+ Str+6}
                  | (You found it on level 7 of the Dungeon)
  7039 | D:7      | Found Jenta's General Store.
  7048 | D:7      | Bought a scroll of blinking for 112 gold pieces
  7048 | D:7      | Bought a scroll of identify for 30 gold pieces
  7194 | D:7      | Reached skill level 7 in Axes
  7686 | D:8      | Noticed Gastronok
  7716 | D:8      | Found a blossoming altar of Fedhas.
  7810 | D:8      | Noticed Maggie
  7827 | D:8      | Killed Maggie
  7863 | D:8      | Reached skill level 8 in Axes
  7864 | D:8      | Reached skill level 5 in Fighting
  7878 | D:8      | Reached *** piety under the Shining One
  8043 | D:8      | Found a white marble altar of Elyvilon.
  8051 | D:8      | Reached XP level 10. HP: 81/88 MP: 13/13
  8057 | D:8      | Noticed Psyche
  8069 | D:8      | Killed Psyche
  8443 | D:8      | Reached skill level 9 in Axes
  8876 | D:8      | Killed Gastronok
  9035 | D:9      | Reached skill level 10 in Axes
  9045 | D:9      | Reached XP level 11. HP: 64/94 MP: 9/14
  9051 | D:9      | Learned a level 3 spell: Ignite Poison
  9175 | D:9      | Found a runed translucent door.
  9181 | D:9      | Noticed ThatOtherGuy53's ghost (novice DEIE)
  9318 | D:9      | Noticed Grum
  9319 | D:9      | Reached **** piety under the Shining One
  9325 | D:9      | Killed Grum
  9594 | D:9      | Found a staircase to the Orcish Mines.
  9923 | D:9      | Found a sparkling altar of Nemelex Xobeh.
 10134 | D:9      | Found a bloodstained altar of Trog.
 10341 | D:10     | Entered Level 10 of the Dungeon
 10346 | D:10     | Reached skill level 11 in Axes
 10415 | D:10     | Found a staircase to the Lair.
 10431 | D:10     | Reached skill level 5 in Invocations
 10442 | D:10     | Reached skill level 10 in Slings
 10632 | D:10     | Found a portal to a secret trove of treasure.
 11253 | D:10     | Noticed a two-headed ogre
 11698 | D:10     | Killed a two-headed ogre
 11756 | Lair:1   | Entered Level 1 of the Lair of Beasts
 11832 | Lair:1   | Reached XP level 12. HP: 89/103 MP: 15/15
 11912 | Lair:1   | Reached skill level 12 in Axes
 13737 | Lair:2   | Noticed a seven-headed hydra
 13748 | Lair:2   | Killed a seven-headed hydra
 13748 | Lair:2   | Reached skill level 13 in Axes
 13914 | D:7      | Bought a scroll of silence for 112 gold pieces
 14007 | D:5      | Bought an uncursed ring of ice for 300 gold pieces
 14244 | Lair:2   | Found a staircase to the Swamp.
 14917 | Lair:3   | Noticed a death yak
 14917 | Lair:3   | Noticed Huasawuy's ghost (journeyman TrWz)
 14939 | Lair:3   | Noticed a death yak
 14949 | Lair:3   | Killed a death yak
 15014 | Lair:3   | Noticed a death yak
 15018 | Lair:3   | Noticed a death yak
 15025 | Lair:3   | HP: 6/103 [death yak[a torpor snail] (19)]
 15029 | Lair:3   | Killed a death yak
 15029 | Lair:3   | Reached skill level 14 in Axes
 15029 | Lair:3   | Gained mutation: You can use your snake-like lower body to
                  | constrict enemies. [Naga growth]
 15029 | Lair:3   | Reached XP level 13. HP: 10/109 MP: 7/16
 15219 | Lair:3   | Found a runed translucent gate.
 15220 | Lair:3   | Found a runed translucent gate.
 15221 | Lair:3   | Found a runed translucent gate.
 15754 | Lair:3   | Reached skill level 15 in Axes
 16118 | Lair:4   | Found a hole to the Spider Nest.
 16719 | Lair:4   | Got a wavering ruby amulet
 17125 | Lair:5   | Reached skill level 16 in Axes
 17375 | Lair:5   | Identified the amulet "Arhamu" {*Drain Regen+ Str+7} (You
                  | found it on level 4 of the Lair of Beasts)
 17819 | Lair:5   | Reached skill level 1 in Shields
 18316 | Lair:6   | Entered Level 6 of the Lair of Beasts
 18620 | Lair:6   | Reached XP level 14. HP: 121/123 MP: 17/17
 19022 | Lair:6   | Reached ***** piety under the Shining One
 19726 | Lair:6   | Found a runed translucent door.
 19726 | Lair:6   | Found a viscous altar of Jiyva.
 19726 | Lair:6   | Noticed an azure jelly
 19728 | Lair:6   | Found a staircase to the Slime Pits.
 19728 | Lair:6   | Noticed an azure jelly
 19728 | Lair:6   | Noticed an azure jelly
 20149 | Lair:6   | Reached skill level 5 in Shields
 20677 | Orc:1    | Entered Level 1 of the Orcish Mines
 20693 | Orc:1    | Noticed Maurice
 20701 | Orc:1    | Killed Maurice
 21217 | Orc:1    | Found Veisuoxo's Jewellery Boutique.
 21245 | Orc:1    | Noticed a stone giant
 21278 | Orc:1    | Killed a stone giant
 21818 | Orc:2    | Entered Level 2 of the Orcish Mines
 22229 | Orc:2    | Found a staircase to the Elven Halls.
 22802 | Orc:2    | Reached skill level 10 in Fighting
 22907 | Orc:2    | Reached XP level 15. HP: 138/138 MP: 18/18
 23278 | Orc:2    | Found Nuoddoet's Food Boutique.
 23278 | Orc:2    | Found Ximysit's Armour Shoppe.
 23280 | Orc:2    | Found Ukhipeno's Weapon Emporium.
 23280 | Orc:2    | Found Poputz's Food Boutique.
 24454 | D:11     | Reached skill level 10 in Shields
 25328 | D:13     | Found a gate leading to a gauntlet.
 25347 | Gauntlet | Entered a Gauntlet
 25347 | Gauntlet | Found a transporter.
 25347 | Gauntlet | Found a transporter.
 25347 | Gauntlet | Found a transporter.
 25351 | Gauntlet | Found a transporter.
 25351 | Gauntlet | Found a transporter.
 25361 | Gauntlet | Found a transporter.
 25427 | Gauntlet | Found a transporter.
 25437 | Gauntlet | Found a transporter.
 25452 | Gauntlet | Found a transporter.
 25454 | Gauntlet | Reached ****** piety under the Shining One
 25462 | Gauntlet | Found a transporter.
 25477 | Gauntlet | Found a transporter.
 25483 | Gauntlet | Found a transporter.
 25792 | Gauntlet | Got a scorched jade ring
 25899 | Gauntlet | Identified the ring "Leargh" {rC+ MP+9} (You found it in a
                  | Gauntlet)
 26020 | Gauntlet | Identified the +2 trident "Towaag" {freeze, rN+}
 26207 | D:13     | Found a gate to the Vaults.
 26567 | D:13     | Got a jewelled morningstar
 26968 | D:13     | Learned a level 2 spell: Blink
 27438 | D:14     | Reached skill level 1 in Translocations
 27532 | D:14     | Noticed Snorg
 27542 | D:14     | Killed Snorg
 27542 | D:14     | Reached XP level 16. HP: 146/146 MP: 21/21
 28229 | D:14     | Found Codgho's Antique Weapon Shop.
 28300 | D:14     | Bought a glowing war axe for 188 gold pieces
 28356 | D:15     | Entered Level 15 of the Dungeon
 28581 | Orc:2    | Bought a +0 helmet for 49 gold pieces
 29107 | D:15     | Found a staircase to the Depths.
 29141 | D:15     | Got a polished leather armour
 29175 | D:14     | Identified the +3 leather armour "Dauphi" {+Blink} (You
                  | found it on level 15 of the Dungeon)
 29493 | D:15     | Noticed Nessos
 29573 | D:15     | Killed Nessos
 30284 | Spider:1 | Entered Level 1 of the Spider Nest
 30769 | Spider:1 | Reached skill level 10 in Invocations
 32382 | Spider:2 | HP: 29/146 [emperor scorpion (16)]
 32699 | Spider:2 | Reached XP level 17. HP: 146/153 MP: 24/24
 32871 | Spider:2 | HP: 25/153 [redback (10)]
 32876 | Spider:2 | HP: 16/153 [poisoned by miscasting Olgreb's Toxic Radiance]
 32881 | Spider:2 | HP: 30/153 [poisoned by miscasting Olgreb's Toxic Radiance]
 32886 | Spider:2 | HP: 30/153 [poisoned by miscasting Olgreb's Toxic Radiance]
 32891 | Spider:2 | HP: 29/153 [poisoned by miscasting Olgreb's Toxic Radiance]
 32900 | Spider:2 | HP: 20/153 [jumping spider (14)]
 32908 | Spider:2 | HP: 23/153 [poisoned by miscasting Olgreb's Toxic Radiance]
 32924 | Spider:2 | HP: 30/153 [redback (5)]
 34556 | Spider:3 | HP: 28/153 [tarantella (10)]
 34556 | Spider:3 | HP: 9/153 [tarantella (15)]
 34558 | Spider:3 | HP: 4/153 [demonic crawler (6)]
 34558 | Spider:3 | HP: 1/153 [demonic crawler (3)]
 34558 | Spider:3 | The Shining One protects you from harm!
 34558 | Spider:3 | Slain by a demonic crawler

Illustrated notes

Levels and vault maps discovered:
D:1:      minmay_arrival_semitransparent, layout_basic
D:2:      layout_basic, nicolae_tso_carved_into_rock
D:3:      layout_basic, lemuel_round_altar
D:4:      layout_basic, nicolae_overflow_crystal_walls, evilmike_ruin_ashenzari,
          first_ration, nicolae_qazlal_style_of_elements
D:5:      layout_cave_pods, serial_shops, nicolae_shop_crystal, uniq_grinder,
          uniq_crazy_yiuf_cottage, uniq_ijyb, uniq_edmund
D:6:      layout_gridville
D:7:      layout_gridville, old_standard_altar,
          minmay_temple_entry_stoned_glass, serial_shops,
          nicolae_shop_behind_doors, grunt_ogre_cave, abandoned_shop
D:8:      layout_loops_cross, fedhas_altar_2, elyvilon_altar_3, uniq_psyche,
          uniq_maggie, uniq_gastronok
D:9:      layout_rooms, nemelex_xobeh_ov_fountains_minmay, lemuel_round_altar,
          david_orc_3, ebering_ghost_inner_flame, uniq_grum
D:10:     layout_basic, due_lair_maze_entry_diamond,
          nicolae_trove_entry_crossroad
D:11:     layout_roguey
D:12:     layout_gridville, st_stairs_5
D:13:     layout_roguey, erik_vaults_2, gauntlet_entry_generic,
          nicolae_twisting_strands, bh_walls_and_bars
D:14:     layout_cave_pools, serial_shops, kennysheep_little_box, uniq_snorg
D:15:     grunt_enter_depths_giant_problem, layout_irregular_city,
          eino_small_chamber_without_monster, uniq_nessos
Temple:   minmay_temple_curvy_branch
Lair:1:   layout_layer_cave, beast_lair_carwin_3
Lair:2:   layout_cave_pods, minmay_swamp_entry_wisps, serial_bayou_pond_d,
          infiniplex_staircase_pool_2, lemuel_fruit_tree
Lair:3:   layout_big_grid, gammafunk_ghost_split
Lair:4:   layout_small_grid, spider_nest_entry_web_field
Lair:5:   lemuel_reptile_caves, layout_regular_city
Lair:6:   grunt_lair_end_beastmaster, layout_gridlike, slime_altar_2,
          cheibrodos_lair_lostbears
Spider:1: layout_spider_delve, special_room [special_room_bee]
Spider:2: layout_spider_delve
Spider:3: layout_chambers
Orc:1:    cheibrodos_orc_guarddog, layout_caves, serial_shops,
          nicolae_shop_stone, nicolae_orc_flooded_monolith,
          nicolae_orc_pool_cavern, uniq_maurice
Orc:2:    st_orc_ogre_mass, layout_diamond_mine

Skill      XL: |  1  2  3  4  5  6  7  8  9 10 11 12 13 14 15 16 17 |
---------------+----------------------------------------------------+-----
Poison Magic   | 5 6 |  6.6
Axes           | 2 3 4 5 6 8 10 11 14 16 | 16.0
Fighting       | 1 2 3 5 7 10 | 10.0
Slings         | 1 2 3 5 7 9 10 12 | 12.0
Dodging        | 2 |  2.0
Armour         | 1 2 |  2.0
Invocations    | 3 5 7 10 | 10.0
Shields        | 2 7 11 13 14 | 14.3
Translocations | 1 4 |  4.0
Stealth        | |  3.0
Spellcasting   | |  2.0
Transmutations | |  1.0

Action                   |  1- 3 |  4- 6 |  7- 9 | 10-12 | 13-15 | 16-18 || total
-------------------------+-------+-------+-------+-------+-------+-------++-------
Melee: Unarmed           |     2 |       |       |       |       |       ||     2
       Dagger            |    24 |    50 |       |       |       |       ||    74
       War axe           |       |     7 |    12 |   117 |   422 |    96 ||   654
       Constrict         |       |       |       |       |    85 |    69 ||   154
       Broad axe         |       |       |       |       |       |   226 ||   226
 Fire: Hunting sling     |       |    22 |   211 |   379 |   952 |   391 ||  1955
Throw: Stone             |     7 |    30 |       |     3 |    35 |    15 ||    90
       Dart              |       |       |       |     5 |     2 |     1 ||     8
 Cast: Sting             |    18 |     6 |     1 |     1 |       |       ||    26
       Poisonous Vapours |    11 |     6 |    11 |    60 |     1 |    12 ||   101
       Olgreb's Toxic Ra |       |       |     7 |    31 |    14 |    21 ||    73
       Mephitic Cloud    |       |       |     1 |       |     1 |       ||     2
       Ignite Poison     |       |       |       |       |     2 |       ||     2
Invok: Divine Shield     |       |       |       |     1 |     4 |       ||     5
 Abil: Spit Poison       |    22 |    19 |    25 |    44 |     5 |    19 ||   134
Evoke: Wand              |       |     4 |     5 |       |     6 |     4 ||    19
       Box of beasts     |       |       |       |     1 |       |       ||     1
  Use: Potion            |       |     1 |     1 |     1 |     3 |     4 ||    10
       Scroll            |       |       |    12 |     7 |    16 |    10 ||    45
  Eat: Chunk             |     3 |     4 |    12 |    22 |    39 |    21 ||   101
       Ration            |       |     1 |     1 |     3 |       |     2 ||     7
Armor: Robe              |     4 |       |    20 |    67 |    97 |   170 ||   358
       Scale mail        |       |    24 |    11 |       |       |       ||    35
Dodge: Dodged            |    19 |    22 |    36 |    53 |    44 |    80 ||   254
       Repelled          |       |       |     1 |       |     8 |    10 ||    19
Block: Tower shield      |       |       |       |       |   263 |   363 ||   626
